 Dungeon Crawl Stone Soup version 0.27.0-66-gdc8fb28755 (webtiles) character file.

Game seed: 621243175363078087

914 GreyFruit the Conjurer (level 7, -8/57 HPs)
             Began as a Black Draconian Conjurer on Aug 9, 2021.
             Was a Believer of Yredelemnul.
             Mangled by a hornet zombie (11 damage)
             ... on level 6 of the Dungeon on Aug 20, 2021.
             The game lasted 00:13:01 (6171 turns).

GreyFruit the Conjurer (Black Draconian Conjurer)   Turns: 6171, Time: 00:13:03

Health: -8/57      AC:  8    Str:  6    XL:     7   Next: 82%
Magic:  12/12      EV: 12    Int: 25    God:    Yredelemnul [**....]
Gold:   221        SH:  0    Dex:  9    Spells: 2/13 levels left

rFire    . . .     SeeInvis +   r - +1 quarterstaff of Pyll {vorpal, rElec Str-4 Int+5 SInv}
rCold    . . .     Faith    +   (shield currently unavailable)
rNeg     + . .     Spirit   .   (armour unavailable)
rPois    +         Reflect  .   (helmet restricted)
rElec    +         Harm     .   a - +0 cloak
rCorr    .         Rampage  .   (no gloves)
Will     .....                  f - +0 pair of boots
Stlth    ++........             s - amulet of faith
HPRegen  0.19/turn              c - ring of poison resistance
MPRegen  0.13/turn              l - ring of positive energy

@: no status effects
A: breathe lightning, AC +6, unfitting armour, electricity resistance,
cold-blooded
a: Breathe Lightning, Renounce Religion, Animate Remains, Recall Undead Slaves,
Injury Mirror


You were on level 6 of the Dungeon.
You worshipped Yredelemnul.
Yredelemnul was pleased with you.
You visited 1 branch of the dungeon, and saw 6 of its levels.
You visited the Abyss 1 time.

You collected 221 gold pieces.

Inventory:

Hand Weapons
 r - the +1 quarterstaff of Pyll (weapon) {vorpal, rElec Str-4 Int+5 SInv}
   (You found it on level 5 of the Dungeon)

   It inflicts extra damage upon your enemies.
   Str:       It affects your strength (-4).
   Int:       It affects your intelligence (+5).
   rElec:     It insulates you from electricity.
   SInv:      It lets you see invisible.
 t - a +1 demon trident of venom
Armour
 a - a +0 cloak (worn)
 f - a +0 pair of boots (worn)
Jewellery
 c - a ring of poison resistance (left hand)
 l - a ring of positive energy (right hand)
 s - an amulet of faith (around neck)
Wands
 n - a wand of flame (9)
 p - a wand of iceblast (8)
Scrolls
 b - a scroll of fear {unknown}
 g - 4 scrolls of teleportation {unknown}
 h - a scroll of holy word {unknown}
 i - 2 scrolls of amnesia {unknown}
 j - 2 scrolls of acquirement {unknown}
 k - a scroll of magic mapping {unknown}
 m - 3 scrolls of identify {unknown}
 u - a scroll of enchant weapon {unknown}
Potions
 d - 2 potions of resistance {unknown}
 e - a potion of ambrosia
 o - a potion of brilliance {unknown}
 q - 2 potions of heal wounds {unknown}


   Skills:
 + Level 3.4 Fighting
 - Level 2.2 Axes
 + Level 3.6 Staves
 + Level 3.9 Dodging
 - Level 1.7 Stealth
 + Level 3.7 Spellcasting
 + Level 5.7 Conjurations


You had 2 spell levels left.
You knew the following spells:

 Your Spells              Type           Power      Damage    Failure   Level
a - Magic Dart            Conj           100%       1d8       1%          1
b - Searing Ray           Conj           66%        3d5       1%          2
c - Iskenderun's Mystic   Conj/Tloc      19%        2d6       28%         4
d - Fulminant Prism       Conj/Hex       9%         3d7       28%         4

Your spell library contained the following spells:

 Spells                   Type           Power      Damage    Failure   Level
 Animate Skeleton         Necr           8%         N/A       10%         1
 Pain                     Necr           16%        1d4       10%         1
 Dazzling Flash           Conj/Hex       38%        N/A       9%          3
 Vampiric Draining        Necr           2%         2d6       28%         3
 Animate Dead             Necr           2%         N/A       67%         4
 Haunt                    Necr/Summ      2%         N/A       100%        7
 Infestation              Necr           2%         N/A       100%        8


Dungeon Overview and Level Annotations

Branches:
Dungeon (6/15)
 Temple: D:4-7

Altars:
Ashenzari
Elyvilon
Sif Muna
Xom
Yredelemnul

Shops:
D:1 (

Annotations:
D:6 3 runed translucent doors, chipmonk's ghost, novice DjWz


Innate Abilities, Weirdness & Mutations

You can breathe wild blasts of lightning.
Your glossy black scales are hard. (AC +6)
You cannot fit into any form of body armour.
You are resistant to electric shocks. (rElec)
You are cold-blooded and may be slowed by cold attacks.


Message History

You are too injured to fight recklessly!
You are too injured to fight recklessly!
You are too injured to fight recklessly!
You are too injured to fight recklessly!
You are too injured to fight recklessly!
You are too injured to fight recklessly!
You are too injured to fight recklessly!
You are too injured to fight recklessly!
You are too injured to fight recklessly!
You are too injured to fight recklessly!
You are too injured to fight recklessly!
You are too injured to fight recklessly!
You are too injured to fight recklessly!
You are too injured to fight recklessly!
You completely miss the hornet zombie.
The hornet zombie is almost destroyed.
The hornet zombie hits you but does no damage.
You barely miss the hornet zombie. You tail-slap the hornet zombie.
The hornet zombie is almost destroyed.
The hornet zombie hits you. The hornet zombie hits you!
* * * LOW HITPOINT WARNING * * *
You closely miss the hornet zombie.
Your tail-slap misses the hornet zombie.
The hornet zombie is almost destroyed.
The hornet zombie barely misses you.
You hit the hornet zombie.
The hornet zombie is almost destroyed.
The hornet zombie closely misses you. The hornet zombie barely misses you.
You barely miss the hornet zombie.
You tail-slap the hornet zombie, but do no damage.
The hornet zombie is almost destroyed.
The hornet zombie hits you.
* * * LOW HITPOINT WARNING * * *
You hit the hornet zombie.
The hornet zombie is almost destroyed.
The hornet zombie hits you!
* * * LOW HITPOINT WARNING * * *
The hornet zombie hits you!
You die...
Your body rises from the dead as a mindless zombie.

...................###...
...................# .. .
..........##+#######
.......#####.####
.......#####....###
..........#####.#.##
......######$.+....#
..........##(.+.._.#
...######.##[W+.@..# ####
#.#####.#Z## #.##....###
#.##.#### #.##'# #....#
######


You could see chipmonk's ghost and a hornet zombie.

Vanquished Creatures
  A sky beast (D:6)
  A black bear (D:5)
  2 centaurs
  A phantom (D:5)
  A scorpion (D:5)
  2 bullfrog zombies
  3 hounds
  An orc priest (D:4)
  A jelly (D:6)
  3 orc wizards
  4 adders
  2 white imps
  An ufetubus (D:6)
  An adder skeleton (D:5)
  A dart slug (D:1)
  9 orcs
  A bat (D:2)
  4 endoplasms
  4 giant cockroaches
  10 goblins
  6 hobgoblins
  10 jackals
  A quokka (D:1)
  6 ball pythons
  4 frilled lizards
  14 kobolds
  4 rats
98 creatures vanquished.

Notes
Turn   | Place    | Note
-------+----------+-------------------------------------------
     0 | D:1      | GreyFruit the Draconian Conjurer began the quest for the
                  | Orb.
     0 | D:1      | Reached XP level 1. HP: 14/14 MP: 3/3
   175 | D:1      | Reached XP level 2. HP: 11/20 MP: 5/5
   544 | D:1      | Found Wounn's Weapon Shop.
   772 | D:1      | Reached XP level 3. HP: 22/26 MP: 6/6
  1543 | D:2      | Found a faded altar of an unknown god.
  1744 | D:2      | Found a basalt altar of Yredelemnul.
  1752 | D:2      | Became a worshipper of Yredelemnul the Dark
  2418 | D:3      | Reached skill level 1 in Axes
  2471 | D:3      | Reached XP level 4. HP: 34/34 MP: 3/7
  2669 | D:3      | Found a shimmering blue altar of Sif Muna.
  2768 | D:3      | Learned a level 2 spell: Searing Ray
  2861 | D:3      | Reached skill level 5 in Conjurations
  3153 | D:4      | Reached * piety under Yredelemnul
  3189 | D:4      | Reached skill level 1 in Fighting
  3244 | D:4      | Found a broken altar of Ashenzari.
  3300 | D:4      | Reached XP level 5. HP: 32/40 MP: 8/8
  3797 | D:4      | Upgraded the game from 0.27.0-1-g7a089689b8 to
                  | 0.27.0-66-gdc8fb28755
  3832 | D:5      | Entered Level 5 of the Dungeon
  3902 | D:5      | Cast into level 1 of the Abyss (unwielding a weapon of
                  | distortion)
  3902 | Abyss:1  | Found a corrupted altar of Lugonu.
  3923 | D:5      | Escaped the Abyss
  4124 | D:5      | Found a white marble altar of Elyvilon.
  4144 | D:5      | Identified the +1 quarterstaff of Pyll {vorpal, rElec Str-4
                  | Int+5 SInv}
  4291 | D:5      | Noticed a black bear
  4295 | D:5      | Killed a black bear
  4296 | D:5      | Reached XP level 6. HP: 48/48 MP: 6/10
  4516 | D:5      | Reached skill level 1 in Staves
  5163 | D:5      | HP: 2/48 [bullfrog zombie (5)]
  5185 | D:5      | Your scales start taking on a glossy black colour.
  5185 | D:5      | Reached XP level 7. HP: 25/56 MP: 12/12
  5185 | D:5      | Gained mutation: You are resistant to electric shocks.
                  | (rElec) [Black Draconian growth]
  5418 | D:5      | Learned a level 4 spell: Iskenderun's Mystic Blast
  5423 | D:5      | Learned a level 4 spell: Fulminant Prism
  5511 | D:5      | Found a shimmering altar of Xom.
  5775 | D:6      | Reached ** piety under Yredelemnul
  6111 | D:6      | Found a runed translucent gate.
  6111 | D:6      | Found a runed translucent gate.
  6111 | D:6      | Found a runed translucent gate.
  6111 | D:6      | Noticed chipmonk's ghost (novice DjWz)
  6113 | D:6      | Found a basalt altar of Yredelemnul.
  6171 | D:6      | Mangled by a hornet zombie

Illustrated notes

Levels and vault maps discovered:
D:1:      minmay_arrival_wavy_path, layout_loops_corners, serial_shops, shop,
          chequers_serial_rivers_small_b, nrook_mini_backslash,
          dk_noncrumbling_3, minmay_misc_feat_more_columns, minmay_unequal
D:2:      layout_basic, chequers_ecumenical_altar_simple, basic_altar,
          st_stairs_14
D:3:      layout_loops_cross, nicolae_sif_muna_little_library, moated_statue,
          wad_rectangle_vault
D:4:      layout_gridville, nicolae_ashenzari_panopticon
D:5:      layout_loops_corners, lemuel_coloured_pillars_altar, elyvilon_altar_1
D:6:      layout_basic, nicolae_yredelemnul_ghost_church,
          minmay_temple_entry_statues_pillars, serial_bayou_crossing,
          uniq_grinder

Skill      XL: |  1  2  3  4  5  6  7 |
---------------+----------------------+-----
Dodging        | 2 3 |  3.9
Axes           | 1 2 |  2.2
Conjurations   | 5 |  5.7
Fighting       | 1 2 3 |  3.4
Spellcasting   | 3 |  3.7
Staves         | 2 3 |  3.6
Stealth        | |  1.7

Action                   |  1- 3 |  4- 6 |  7- 9 || total
-------------------------+-------+-------+-------++-------
Melee: Hand axe          |    76 |    41 |       ||   117
       Tailslap          |     3 |     5 |     6 ||    14
       Unarmed           |     2 |       |       ||     2
       Quarterstaff      |       |    66 |    50 ||   116
       War axe           |       |     1 |       ||     1
 Cast: Magic Dart        |    36 |    53 |    38 ||   127
 Abil: Breathe Lightning |       |       |     1 ||     1
  Use: Potion            |       |     4 |       ||     4
 Stab: Sleeping          |     1 |     2 |     1 ||     4
Armor: Skin              |    28 |    61 |    17 ||   106
Dodge: Dodged            |    62 |   116 |    51 ||   229
